 Dungeon Crawl Stone Soup version 0.30-a0-122-g2a1322497e (webtiles) character file.

Game seed: 17641950384926173826

436 dmks the Digger (level 6, -3/45 HPs)
             Began as a Draconian Earth Elementalist on Sept 17, 2022.
             Slain by an ogre
             ... wielding a +0 giant spiked club
              (12 damage)
             ... on level 5 of the Dungeon.
             The game lasted 00:15:24 (4312 turns).

dmks the Digger (Draconian Earth Elementalist)      Turns: 4312, Time: 00:15:25

Health: -3/45      AC:  8    Str: 10    XL:     6   Next: 69%
Magic:  8/12       EV: 12    Int: 18    God:
Gold:   277        SH:  0    Dex: 11    Spells: 7/13 levels left

rFire   . . .      SeeInvis .    d - staff of cold
rCold   + . .      Faith    .    (no shield)
rNeg    . . .      Spirit   .    (body armour unavailable)
rPois   .          Reflect  .    (helmet restricted)
rElec   .          Harm     .    j - +0 cloak
rCorr   .          Rampage  .    n - +0 pair of gloves
Will    .....                    (no boots)
Stlth   ++........               l - amulet of the acrobat
HPRegen 0.15/turn                (no ring)
MPRegen 0.13/turn                (no ring)

@: no status effects
A: AC +6, unfitting armour, cold-blooded
a: no special abilities


You were on level 5 of the Dungeon.
You visited 1 branch of the dungeon, and saw 5 of its levels.

You collected 277 gold pieces.

Inventory:

Hand Weapons
 b - a +0 club
   (You took it off a goblin on level 1 of the Dungeon)
 h - a +0 dagger of venom
   (You took it off a kobold on level 1 of the Dungeon)
Armour
 j - a +0 cloak (worn)
   (You found it on level 2 of the Dungeon)
 n - a +0 pair of gloves (worn)
   (You found it on level 3 of the Dungeon)
 p - a +0 ring mail
   (You found it on level 4 of the Dungeon)
 t - a +0 robe of positive energy
   (You took it off an orc wizard on level 3 of the Dungeon)
Magical Staves
 d - a staff of cold (weapon)
   (You found it on level 1 of the Dungeon)
Jewellery
 l - an amulet of the acrobat (around neck)
   (You found it on level 3 of the Dungeon)
Scrolls
 f - 2 scrolls of teleportation {unknown}
 g - a scroll of fog {unknown}
 k - a scroll of blinking
 m - a scroll of identify {@r1}
 q - 2 scrolls of enchant armour {unknown}
 r - a scroll of poison {unknown}
 s - a scroll of magic mapping {unknown}
 u - a scroll of noise {unknown}
 v - a scroll of acquirement {unknown}
Potions
 a - 6 potions of magic
 c - 3 potions of curing {@q1}
 e - a potion of lignification {!q}
 i - a potion of cancellation
 o - 2 potions of brilliance {unknown}


   Skills:
 + Level 3.1 Dodging
 - Level 2.5 Stealth
 * Level 4.2 Spellcasting
 - Level 2.0 Transmutations
 * Level 5.0 Earth Magic


You had 7 spell levels left.
You knew the following spells:

 Your Spells              Type           Power      Damage    Failure   Level
a - Sandblast             Erth           42%        2d11      1%          1
q - Passwall              Tmut/Erth      13%        N/A       5%          2
x - Stone Arrow           Conj/Erth      24%        3d8       16%         3

Your spell library contained the following spells:

 Spells                   Type           Power      Damage    Failure   Level
 Ignite Poison            Fire/Tmut/Pois 6%         N/A       32%         3
 Petrify                  Tmut/Erth      16%        N/A       34%         4
 Mephitic Cloud           Conj/Pois/Air  3%         N/A       41%         3
 Fireball                 Conj/Fire      1%         3d3       99%         5
 Freezing Cloud           Conj/Ice/Air   2%         6-21      99%         5
 Iskenderun's Battlesphe  Conj           3%         2d6       99%         5
 Conjure Ball Lightning   Conj/Air       1%         3x3d6     100%        6
 Starburst                Conj/Fire      1%         6d3       100%        6
 Orb of Destruction       Conj           1%         9d5       100%        7
 Ignition                 Fire           1%         3d3       100%        8


Dungeon Overview and Level Annotations

Branches:
Dungeon (5/15)
 Temple: D:4-7

Altars:
Cheibriados

Annotations:
D:4 Menkaure


Innate Abilities, Weirdness & Mutations

Your plain brown scales are hard. (AC +6)
You cannot fit into any form of body armour.
You are cold-blooded and may be slowed by cold attacks.


Message History

The blast of sand hits the black bear!
The black bear bites you but does no damage.
The black bear closely misses you.
The black bear claws you but does no damage.
Aim: a black bear (severely wounded, 87% to hit)
The blast of sand hits the black bear.
The black bear bites you!
The black bear claws you but does no damage. x2
The black bear barely misses you. The black bear closely misses you.
The black bear claws you but does no damage.
Aim: a black bear (severely wounded, 87% to hit)
The blast of sand hits the black bear!
You kill the black bear!
Your Spellcasting skill increases to level 4!
Your Earth Magic skill increases to level 5!
You start resting.
Okay, then.
This spell is dangerous to cast!
Memorise Stone Arrow, consuming 3 spell levels and leaving 7?
You start memorising the spell.
You continue memorising. x3
You finish memorising.
Spell assigned to 'x'.
Menkaure, Prince of Dust comes into view.
There is a stone staircase leading down here.
You see here an adder corpse.
You climb downwards.
You hear the sound of rushing water.
There is an entrance to a sewer on this level.
Hurry and find it before the portal rusts away!
Found 7 stones.
There is a stone staircase leading up here.
A hound comes into view.
The ogre shouts!
The hound barks!
Aim: an ogre, wielding a +0 giant spiked club (92% to hit)
The blast of sand hits the ogre!
A hound comes into view.
Aim: an ogre, wielding a +0 giant spiked club (heavily wounded, 92% to hit)
The blast of sand hits the ogre.
The hound barks!
The ogre barely misses you.
Aim: an ogre, wielding a +0 giant spiked club (heavily wounded, 92% to hit)
The blast of sand misses the ogre.
An adder comes into view.
The ogre hits you with a +0 giant spiked club!
Aim: an ogre, wielding a +0 giant spiked club (heavily wounded, 92% to hit)
The blast of sand hits the ogre!
The adder hisses angrily.
The ogre hits you with a +0 giant spiked club!!
* * * LOW HITPOINT WARNING * * *
Aim: an ogre, wielding a +0 giant spiked club (almost dead, 92% to hit)
The blast of sand misses the ogre.
The ogre hits you with a +0 giant spiked club!
You die...

####
#<.##
#.@.#
##.O#
###h....#
..S....
..⌠(...
.......
.....##
#...#..
...#..


You could see an ogre, a hound and an adder.

Vanquished Creatures
  A black bear (D:4)
  A scorpion (D:4)
  A jelly (D:4)
  2 orc priests (D:3)
  2 orc wizards (D:3)
  5 adders
  A shadow imp (D:3)
  An ufetubus (D:4)
  A worm (D:3)
  2 dart slugs (D:2)
  9 orcs
  4 endoplasms
  5 giant cockroaches
  3 hobgoblins
  4 jackals (D:4)
  A quokka (D:2)
  7 ball pythons
  5 bats
  5 frilled lizards
  11 goblins
  7 kobolds
  11 rats
89 creatures vanquished.

Notes
Turn   | Place    | Note
-------+----------+-------------------------------------------
     0 | D:1      | dmks the Draconian Earth Elementalist began the quest for
                  | the Orb.
     0 | D:1      | Reached XP level 1. HP: 14/14 MP: 3/3
   574 | D:1      | Reached XP level 2. HP: 19/20 MP: 1/5
   729 | D:1      | Found a faded altar of an unknown god.
  1699 | D:2      | Reached XP level 3. HP: 26/26 MP: 4/6
  2244 | D:3      | Reached XP level 4. HP: 30/33 MP: 1/8
  2517 | D:3      | Noticed an ogre
  2562 | D:3      | Learned a level 2 spell: Passwall
  2615 | D:3      | Noticed a torpor snail
  2619 | D:3      | Found a snail-covered altar of Cheibriados.
  2619 | D:3      | Noticed a torpor snail
  2623 | D:3      | Noticed a torpor snail
  2829 | D:3      | Reached skill level 4 in Earth Magic
  2829 | D:3      | Reached XP level 5. HP: 21/38 MP: 4/9
  3286 | D:4      | Noticed a black bear
  3807 | D:2      | Reached XP level 6. HP: 36/45 MP: 0/11
  4155 | D:4      | Reached skill level 5 in Earth Magic
  4198 | D:4      | Learned a level 3 spell: Stone Arrow
  4222 | D:4      | Noticed Menkaure
  4303 | D:5      | Entered Level 5 of the Dungeon
  4312 | D:5      | Slain by an ogre

Illustrated notes

Levels and vault maps discovered:
D:1:      wander_arrival_peaceful_grave, layout_basic,
          shapermc_ecumenical_altar_gd
D:2:      layout_loops_ring, kennysheep_cluttered_room, minmay_tetromino_i4
D:3:      layout_rooms, cheibriados_altar_2, chequers_serial_rivers_micro_b
D:4:      layout_loops_ring, uniq_menkaure
D:5:      layout_rooms, trog_three_pillars_becter, temple_green,
          portal_sewer_entry_c, grunt_ministairs_6, minmay_misc_feat_tower,
          eino_tiny_chamber, uniq_edmund

Skill      XL: |  1  2  3  4  5  6 |
---------------+-------------------+-----
Stealth        | 2 |  2.5
Dodging        | 2 3 |  3.1
Spellcasting   | 3 4 |  4.2
Earth Magic    | 4 5 |  5.0
Transmutations | 2 |  2.0

Action                   |  1- 3 |  4- 6 || total
-------------------------+-------+-------++-------
Melee: Club              |    11 |       ||    11
       Staff             |    11 |       ||    11
       Unarmed           |     2 |       ||     2
       Tailslap          |     1 |       ||     1
 Cast: Sandblast         |    57 |    93 ||   150
       Passwall          |       |     1 ||     1
  Use: Potion            |     3 |       ||     3
       Scroll            |       |     1 ||     1
 Stab: Sleeping          |     1 |       ||     1
Armor: Skin              |    13 |    31 ||    44
Dodge: Dodged            |    25 |    57 ||    82

Table legend: (Time is in decaauts)
 A = Elapsed time spent in this place.
 B = Non-inter-level travel time spent in this place.
 C = Inter-level travel time spent in this place.
 D = Time resting spent in this place.
 E = Time spent auto-exploring this place.
 F = Levels seen in this place.
 G = Mean time per level.
                   A        B        C        D        E       F      G
               +--------+--------+--------+--------+--------+-----+--------+
         Total |   4400 |   4310 |     90 |   1031 |   2190 |   5 |  880.0 |
       Dungeon |   4400 |   4310 |     90 |   1031 |   2190 |   5 |  880.0 |
               +--------+--------+--------+--------+--------+-----+--------+

Top non-repeatable levels by time:
     D:3: 1382 daAuts
     D:1: 1237 daAuts
     D:2: 992 daAuts
     D:4: 777 daAuts
     D:5: 10 daAuts
